 Dungeon Crawl Stone Soup version 0.14-a0-2950-gbe29d66 (webtiles) character file.

294 Kae the Poker (level 5, -6/45 HPs)
             Began as a Naga Gladiator on Mar 4, 2014.
             Mangled by an orc
             ... wielding a +1,+2 flail of distortion
              (24 damage)
             ... on Level 3 of the Dungeon.
             The game lasted 00:03:14 (3305 turns).

Kae the Poker (Naga Gladiator)                      Turns: 3305, Time: 00:03:15

HP  -6/45        AC  8     Str 18      XL: 5   Next: 74%
MP   5/5         EV  3     Int  8      God:
Gold 99          SH  0     Dex 12      Spells:  0 memorised,  4 levels left

rFire  . . .     SeeInvis +     a - +0 trident
rCold  . . .     Clarity  .     r - +0 plate armour
rNeg   . . .     Conserve .     (no shield)
rPois  +         rCorr    .     c - +0 helmet
rElec  .         rRot     .     (no cloak)
SustAb . .       Spirit   .     (no gloves)
rMut   .         Warding  .     (no barding)
Saprov . . .     Stasis   .     (no amulet)
MR     .....                    (no ring)
                                (no ring)

@: very slow, not resistant to hostile enchantments, extremely unstealthy
A: spit poison, see invisible, deformed body, poison resistance, slowness 2, AC
+1
a: Spit Poison


You were on level 3 of the Dungeon.
You were very hungry.

You visited 1 branch of the dungeon, and saw 3 of its levels.
You also visited: Sewer.

You collected 99 gold pieces.

Inventory:

Hand weapons
 a - a +0,+0 trident (weapon)
Missiles
 d - 3 throwing nets (quivered)
Armour
 b - a +0 leather armour
 c - a +0 helmet (worn)
 r - a +0 plate armour (worn)
Comestibles
 f - 2 bread rations
 g - a choko
 q - a meat ration
Scrolls
 e - 6 scrolls of identify {unknown}
 h - 3 scrolls of magic mapping {unknown}
 j - 2 scrolls of enchant weapon II {unknown}
 k - a scroll of noise {unknown}
 n - a scroll of fog {unknown}
 s - 2 scrolls of remove curse {unknown}
 v - a scroll of recharging {unknown}
 x - a scroll of blinking {unknown}
 y - a scroll of teleportation {unknown}
Potions
 i - a potion of restore abilities {unknown}
 l - 5 potions of curing
 m - a potion of magic {unknown}
 o - 2 potions of invisibility {unknown}
 p - a potion of flight {unknown}
 t - a potion of might {unknown}
 u - a potion of speed {unknown}


   Skills:
 - Level 2.0 Fighting
 * Level 5.6 Polearms
 - Level 1.7 Throwing
 + Level 1.9 Armour
 - Level 2.4 Dodging


You had 4 spell levels left.
You didn't know any spells.

Dungeon Overview and Level Annotations

Branches:
Dungeon (3/16)

Altars:
Okawaru


Innate Abilities, Weirdness & Mutations

You cannot wear boots.
You can spit poison.
Your serpentine skin is tough (AC +1).
You have supernaturally acute eyesight.
Armour fits poorly on your strangely shaped body.
Your system is resistant to poisons.
You cover ground very slowly.


Message History

The orc hits you but does no damage.
Your plate armour prevents you from hitting the orc.
The orc is almost dead.
The orc hits you with a hand axe.
You closely miss the orc.
The orc is almost dead.
The orc barely misses you.
You puncture the orc!
You kill the orc!
You hit the orc.
The orc is heavily wounded.
The orc hits you but does no damage. Space warps horribly around you!
You hit the orc.
The orc is almost dead.
You closely miss the orc.
The orc is almost dead.
The orc hits you with a flail of distortion!
Space warps horribly around you!
Ouch! That really hurt!
You die...

###.##.....#.#
....##.....#.#
....##)....#.#
###
......%......#
#..
....########.#
#.# ........#
#.# #.#
...####.# #.#
#.# ...# #.#
#.# #o# ...#
#.# #.# #@#
...# #.# #.#
#.# ... #.#
#.. #%# ...
#.# . #.# #
#.# #.# #.#
#.# #.# #.#
#.# #.# #.#
#.#


You could see an orc.

Vanquished Creatures
  A big fish (Sewer)
  4 adders
  A green rat (D:3)
  3 giant mites (D:3)
  2 worms (D:3)
  A giant gecko (D:3)
  An ooze (D:1)
  6 orcs (D:3)
  3 giant cockroaches
  6 goblins
  9 hobgoblins
  10 jackals
  2 quokkas
  2 ball pythons (Sewer)
  8 bats
  6 giant newts
  15 kobolds
  7 rats
87 creatures vanquished.

Notes
Turn   | Place    | Note
--------------------------------------------------------------
     0 | D:1      | Kae, the Naga Gladiator, began the quest for the Orb.
     0 | D:1      | Reached XP level 1. HP: 19/19 MP: 1/1
   341 | D:1      | Reached XP level 2. HP: 19/26 MP: 2/2
   568 | D:2      | Reached skill level 4 in Polearms
   575 | D:2      | Reached XP level 3. HP: 23/32 MP: 3/3
   712 | D:2      | Found an iron altar of Okawaru.
  1668 | D:3      | Reached XP level 4. HP: 39/39 MP: 4/4
  1701 | D:3      | Reached skill level 1 in Armour
  1868 | D:3      | Reached skill level 5 in Polearms
  2094 | D:3      | Found a glowing drain.
  2103 | Sewer    | Entered a sewer
  2177 | Sewer    | Reached XP level 5. HP: 41/45 MP: 5/5
  3305 | D:3      | Mangled by an orc

Action                   |  1- 3 |  4- 6 || total
-------------------------+-------+-------++-------
Melee: Trident           |   134 |   215 ||   349
  Use: Potion            |       |     1 ||     1
